AoeStats
← LORDASH111

Glade

503637726Analyzed
1v1 RM · 2mo ago on Sep 1, 2026· 44m 4s· 2 players
Game mode
Random Map
Map size
Tiny (2 player)
Population
200
Speed
Normal
Resources
Standard
Victory
Conquest
Starting age
Dark Age
Ending age
Imperial Age
RankedLock teamsTeams togetherTeam positionsShared explorationLock speedFull tech treeHidden civsTurbo modeCheats
Victory
Defeat
🇬🇧 Persians · United Kingdom
319
+21
vs
🇦🇷 Britons · Argentina
432
-21
LORDASH111
12:57 Feudal Age
17:29 Double-Bit Axe
20:09 Wheelbarrow
19:25 Loom
23:57 Castle Age
22:11 Horse Collar
22:51 Gold Mining
24:12 Arson
24:41 Stone Mining
25:17 Pikeman
26:00 Squires
25:25 Crossbowman
26:12 Husbandry
26:53 Forging
26:44 Scale Mail Armor
26:51 Scale Barding Armor
26:50 Padded Archer Armor
26:41 Fletching
27:23 Bow Saw
33:47 Iron Casting
33:28 Chain Mail Armor
33:34 Chain Barding Armor
33:51 Hand Cart
41:34 Imperial Age
40:17 Kamandaran
ѕят.
10:30 Feudal Age
12:31 Wheelbarrow
12:35 Double-Bit Axe
16:35 Loom
21:02 Castle Age
20:22 Horse Collar
22:26 Padded Archer Armor
22:21 Fletching
23:15 Crossbowman
26:13 Leather Archer Armor
25:56 Bodkin Arrow
26:35 Hand Cart
26:53 Light Cavalry
27:39 Gold Mining
27:47 Gold Mining
28:25 Bow Saw
28:39 Heavy Plow
29:16 Leather Archer Armor
29:05 Stone Mining
29:33 Pikeman
29:58 Gambesons
30:20 Husbandry
31:22 Town Watch
32:04 Ballistics
31:40 Murder Holes
31:55 Masonry
31:37 Guard Tower
31:57 Fortified Wall
34:15 Scale Barding Armor
34:21 Forging
34:16 Town Patrol
39:49 Imperial Age
38:46 Elite Skirmisher
39:58 Capped Ram
40:58 Elite Longbowman
Connection lost

Rejoining the realm…

Still unreachable

The connection could not be restored.

Session expired

The server has moved on; the page needs a fresh start.